 Dungeon Crawl Stone Soup version 0.28-a0-178-ga708605c5b (webtiles) character file.

Game seed: 17880974124834101971

103 freelancePsychic the Skirmisher (level 4, 0/37 HPs)
             Began as a Demonspawn Hunter on Aug 18, 2021.
             Killed from afar by an orc wizard (7 damage)
             ... with a puff of flame
             ... on level 2 of the Dungeon.
             The game lasted 00:04:06 (2144 turns).

freelancePsychic the Skirmisher (Demonspawn Hunter) Turns: 2144, Time: 00:04:06

Health: 0/37       AC:  3    Str: 13    XL:     4   Next: 51%
Magic:  4/4        EV: 12    Int: 15    God:
Gold:   76         SH:  0    Dex: 13    Spells: 3/3 levels left

rFire   . . .      SeeInvis .   b - +0 short sword
rCold   . . .      Faith    .   (no shield)
rNeg    . . .      Spirit   .   c - +0 leather armour
rPois   .          Reflect  .   (no helmet)
rElec   .          Harm     .   (no cloak)
rCorr   .          Rampage  .   (no gloves)
Will    .....                   (no boots)
Stlth   +.........              (no amulet)
HPRegen 0.12/turn               (no ring)
MPRegen 0.09/turn               (no ring)

@: hasted, very quick
A: big brain 1
a: no special abilities


You were on level 2 of the Dungeon.
You visited 1 branch of the dungeon, and saw 3 of its levels.

You collected 101 gold pieces.
You spent 25 gold pieces at shops.

Inventory:

Hand Weapons
 a - a +1 shortbow
 b - a +0 short sword (weapon)
 g - a +0 dagger of venom
Missiles
 d - 31 arrows
Armour
 c - a +0 leather armour (worn)
Jewellery
 k - an amulet of magic regeneration
Scrolls
 e - 2 scrolls of noise
 f - a scroll of blinking
 h - a scroll of magic mapping {unknown}
 i - a scroll of teleportation {@r4}
 j - a scroll of amnesia {unknown}
 m - a scroll of fog {unknown}
Potions
 n - a potion of lignification {unknown}


   Skills:
 * Level 4.1 Fighting
 + Level 4.0 Bows
 - Level 2.2 Dodging
 - Level 0.8 Stealth


You had 3 spell levels left.
You didn't know any spells.
Your spell library contained the following spells:

 Spells                   Type           Power      Damage    Failure   Level
 Gell's Gravitas          Tloc           0%         N/A       71%         3
 Lesser Beckoning         Tloc           0%         N/A       71%         3
 Teleport Other           Tloc           0%         N/A       71%         3


Dungeon Overview and Level Annotations

Branches:
Dungeon (3/15)

Altars:

Shops:
D:2 *


Innate Abilities, Weirdness & Mutations

You have an unusually large brain. (Int +2)


Message History

The arrow hits the orc but does no damage.
You shoot an arrow.
The arrow hits the orc wizard but does no damage.
You shoot an arrow. The arrow barely misses the orc wizard.
The orc wizard points at you and mumbles some strange words.
The magic dart hits you!
You shoot an arrow. The arrow hits the orc.
You kill the orc!
You shoot an arrow. The arrow hits the orc wizard.
The orc wizard is lightly wounded.
The orc wizard hits you with a +1 dagger of protection.
The orc priest looks satisfied for a moment.
The orc wizard gestures at you while chanting.
The puff of flame hits you!
You climb upwards.
There is a stone staircase leading down here.
b - a +0 short sword (weapon)
You hit the orc wizard but do no damage.
The orc wizard hits you with a +1 dagger of protection.
You barely miss the orc wizard.
The orc wizard gestures at you while chanting.
You are confused.
The orc wizard mumbles some strange words.
The orc wizard flickers and vanishes!
Deactivating autopickup; reactivate with Ctrl-A.
There is an escape hatch in the floor here.
You barely miss something. Something hits you.
You're too confused to move!
You hear some strange, mumbled words.
Something tries to affect you, but you resist.
You bump into the rock wall.
Something hits you.
It was a potion of haste.
You feel yourself speed up.
You feel less confused. Something hits you.
A puff of flame appears from out of thin air!
The puff of flame hits you!
* * * LOW HITPOINT WARNING * * *
A puff of flame appears from out of thin air!
The puff of flame hits you!
You die...

#...## #.....# ###
#....##### #.....# #.#
###......## ###.....###..
#..###..## #............
##.#
##..########.#.....##.#.
#.####...........#.....##.#.
#...#.......................
##..........................
#.........@...###.)...##.#.
#.............# ###<.....#.
#.##.........## #.....#..
#.##....#...## #.#...#..
##.##{######## #........
##...#...## #.)......
##.........## #........
#........{..# ##........
#..........>### ###.........


There were no monsters in sight!

Vanquished Creatures
  Robin (D:2)
  2 adders (D:2)
  A dart slug (D:1)
  2 orcs (D:3)
  7 ball pythons
  5 endoplasms
  A giant cockroach (D:2)
  10 goblins
  9 hobgoblins
  2 quokkas (D:2)
  3 bats (D:2)
  10 frilled lizards
  7 kobolds
  4 rats
64 creatures vanquished.

Vanquished Creatures (others)
  9 plants (D:1)
9 creatures vanquished.

Grand Total: 73 creatures vanquished

Notes
Turn   | Place    | Note
-------+----------+-------------------------------------------
     0 | D:1      | freelancePsychic the Demonspawn Hunter began the quest for
                  | the Orb.
     0 | D:1      | Reached XP level 1. HP: 16/16 MP: 1/1
    13 | D:1      | Found a faded altar of an unknown god.
   155 | D:1      | Gained mutation: You have an unusually large brain. (Int
                  | +2) [demonic ancestry]
   155 | D:1      | Reached XP level 2. HP: 23/23 MP: 2/2
   542 | D:1      | Reached XP level 3. HP: 20/29 MP: 3/3
  1332 | D:2      | Found Jyxkuarph's Assorted Antiques.
  1343 | D:2      | Reached XP level 4. HP: 37/37 MP: 4/4
  1343 | D:2      | Bought a scroll labelled CAF WAXTAUM for 25 gold pieces
  1436 | D:2      | Noticed Robin
  1805 | D:2      | Killed Robin
  2144 | D:2      | Killed from afar by an orc wizard

Illustrated notes

Levels and vault maps discovered:
D:1:      tarquinn_simple_flora_water_d, layout_rooms,
          hellmonk_ecumenical_altar_crossroads, hangedman_decor_peaks_small,
          minmay_lizard_king
D:2:      layout_rooms, serial_shops, nicolae_square_shop, uniq_robin
D:3:      cheibrodos_pilgrimage, layout_basic, minmay_statues_item, uniq_sigmund

Skill      XL: |  1  2  3  4 |
---------------+-------------+-----
Fighting       | 3 4 |  4.1
Dodging        | 2 |  2.2
Bows           | 4 |  4.0
Stealth        | |  0.8

Action                   |  1- 3 |  4- 6 || total
-------------------------+-------+-------++-------
Melee: Short sword       |   104 |    34 ||   138
       Dagger            |       |     9 ||     9
 Fire: Shortbow          |    39 |    13 ||    52
  Use: Scroll            |       |     3 ||     3
       Potion            |       |     1 ||     1
 Stab: Sleeping          |     1 |       ||     1
Armor: Leather armour    |    42 |     9 ||    51
Dodge: Dodged            |    95 |    37 ||   132

Table legend: (Time is in decaauts)
 A = Elapsed time spent in this place.
 B = Non-inter-level travel time spent in this place.
 C = Inter-level travel time spent in this place.
 D = Time resting spent in this place.
 E = Time spent auto-exploring this place.
 F = Levels seen in this place.
 G = Mean time per level.
                   A        B        C        D        E       F      G
               +--------+--------+--------+--------+--------+-----+--------+
         Total |   2161 |   2121 |     40 |    374 |   1269 |   3 |  720.3 |
       Dungeon |   2161 |   2121 |     40 |    374 |   1269 |   3 |  720.3 |
               +--------+--------+--------+--------+--------+-----+--------+

Top non-repeatable levels by time:
     D:1: 1295 daAuts
     D:2: 790 daAuts
     D:3: 74 daAuts
